 Dungeon Crawl Stone Soup version 0.30-a0-777-ga9a30cbeda (webtiles) character file.

Game seed: 14938174789047981662

70 Esekla the Sneak (level 4, -2/31 HPs)
             Began as an Octopode Delver on Feb 15, 2023.
             Slain by an iguana (14 damage)
             ... on level 5 of the Dungeon.
             The game lasted 00:05:55 (390 turns).

Esekla the Sneak (Octopode Delver)                   Turns: 390, Time: 00:05:55

Health: -2/31      AC:  1    Str: 11    XL:     4   Next: 21%
Magic:  4/4        EV: 13    Int: 14    God:
Gold:   28         SH:  0    Dex: 13    Spells: 4/4 levels left

rFire   . . .      SeeInvis .    c - +7 hand axe "Patarph" {heavy, Stlth+}
rCold   . . .      Faith    .    (no shield)
rNeg    . . .      Spirit   .    (helmet restricted)
rPois   .          Reflect  .    (no amulet)
rElec   .          Harm     .    (no ring)
rCorr   .          Rampage  .    (no ring)
Will    .....                    (no ring)
Stlth   ++++++                   (no ring)
HPRegen 0.25/turn                (no ring)
MPRegen 0.09/turn                (no ring)
                                 (no ring)
                                 (no ring)

@: no status effects
A: almost no armour, amphibious, 8 rings, camouflage 1, gelatinous body 1,
(nimble swimmer 1), tentacles
a: no special abilities


You were on level 5 of the Dungeon.
You visited 1 branch of the dungeon, and saw 1 of its levels.

You collected 28 gold pieces.

Inventory:

Hand Weapons
 a - a +0 falchion
 c - the +7 hand axe "Patarph" (weapon) {heavy, Stlth+}
   (You found it on level 5 of the Dungeon)

   Stlth:     It makes you more stealthy.
 g - a +3 spear
Wands
 f - a wand of digging (2)
Scrolls
 b - 2 scrolls of fog
 d - 3 scrolls of fear
 h - a scroll of immolation {unknown}


   Skills:
 * Level 3.4 Fighting
 * Level 2.2 Long Blades
 + Level 0.1 Axes
 * Level 2.3 Dodging
 + Level 7.8 Stealth
 * Level 0.5 Spellcasting


You had 4 spell levels left.
You didn't know any spells.
Your spell library contained the following spells:

 Spells                   Type           Power      Damage    Failure   Level
 Ozocubu's Armour         Ice            0%         N/A       63%         3
 Ozocubu's Refrigeration  Ice            0%         4d7       100%        7


Dungeon Overview and Level Annotations

Branches:
Dungeon (5/15)
 Temple: D:4-7

Altars:

Shops:
D:5 ?=**:


Innate Abilities, Weirdness & Mutations

You cannot wear most types of armour.
You are amphibious.
You can wear up to eight rings at the same time.
Your skin changes colour to match your surroundings (Stealth+).
Your rubbery body absorbs attacks. (AC +1, EV +1)
((You are camouflaged when in or above water. (Stealth+)))
You have tentacles for arms and can constrict up to eight enemies at once.


Message History

A rock wall.
The rock shatters into small pieces.
Found Jilefi's Jewellery Shoppe.
There is an entrance to Jilefi's Jewellery Shoppe here.
You can access your shopping list by pressing '$'.
An ogre comes into view. It is wielding a +0 giant club.
You enter the deep water.
The ogre shouts!
You hear an angry hiss.
An ice beast comes into view.
As you read the scroll of fear, it crumbles to dust.
You assume a fearsome visage.
The ice beast looks frightened!
The ogre looks frightened!
An iguana comes into view.
An adder comes into view.
An iguana comes into view.
Found Utaatatt's Magic Scroll Emporium.
A killer bee comes into view.
The adder hisses angrily.
You hit the adder. Your grab misses the adder. You squeeze the adder.
The adder is almost dead.
You hear an angry hiss.
The adder barely misses you. The adder bites you.
The adder bites you but does no damage.
You slash the adder!
You kill the adder!
You hit the iguana. The iguana barely misses you. x2
You slash the iguana!
You kill the iguana!
You hit the iguana. The iguana bites you. The iguana bites you!
Ouch! That really hurt!
You have reached level 4!
You slash the iguana! You grab the iguana.
You squeeze the iguana, but do no damage.
The iguana is almost dead.
You constrict the iguana, but do no damage.
The iguana misses you.
You hit the iguana but do no damage.
The iguana is almost dead.
You constrict the iguana, but do no damage.
The iguana bites you!
You die...

*,* **,,,,,*...#..≈≈≈..#
**.####,,,,***...##.....##
*,..#..,,*** *#..........#
**#....#** #..........#
#.....#* ###...#####...
***#......####.....# #...
*,*...............y# ##..
**,................######..
*,*#......@######..........
*,*####..l##***#...........
***##∩##..**#..............
#+#...,*#.#....#####...
*...#.,.l,#....#* ####
#####.,#,#l#.#..** *
#.,,*#S##...,**
#.***.,,*##.,,*
*,,,**,**,,,,,** **


You could see an iguana.

Vanquished Creatures
  2 iguanas (D:5)
  A gnoll (D:5)
  An adder (D:5)
  An orc (D:5)
5 creatures vanquished.

Notes
Turn   | Place    | Note
-------+----------+-------------------------------------------
     0 | D:5      | Esekla the Octopode Delver began the quest for the Orb.
     0 | D:5      | Reached XP level 1. HP: 16/16 MP: 1/1
     3 | D:5      | Noticed a jelly
    28 | D:5      | Identified the +7 hand axe "Patarph" {heavy, Stlth+}
    67 | D:5      | Reached XP level 2. HP: 15/21 MP: 2/2
    72 | D:5      | Found Igoifos's General Store.
   104 | D:5      | Found Tiem Feu's Book Boutique.
   140 | D:5      | Noticed a black bear
   258 | D:5      | Found Viamneod's Assorted Antiques.
   277 | D:5      | Noticed a scorpion
   302 | D:5      | Reached skill level 7 in Stealth
   302 | D:5      | Reached XP level 3. HP: 16/26 MP: 3/3
   346 | D:5      | Found Jilefi's Jewellery Shoppe.
   358 | D:5      | Noticed an ogre
   365 | D:5      | Noticed an ice beast
   383 | D:5      | Found Utaatatt's Magic Scroll Emporium.
   383 | D:5      | Noticed a killer bee
   389 | D:5      | Reached XP level 4. HP: 12/31 MP: 4/4
   390 | D:5      | Slain by an iguana

Illustrated notes

Levels and vault maps discovered:
D:5:      layout_layer_cave, serial_shops, shop, nicolae_lakefront_shop, shop,
          nicolae_shop_window_shopping, kennysheep_mini_moat,
          minmay_fountain_box, minmay_manual_monstrance, uniq_menkaure

Skill      XL: |  1  2 |
---------------+-------+-----
Stealth        | 7 |  7.8
Fighting       | |  3.4
Long Blades    | |  2.2
Axes           | |  0.1
Dodging        | |  2.3
Spellcasting   | |  0.5

Action                     |  1- 3 |  4- 6 || total
---------------------------+-------+-------++-------
  Melee: Hand axe          |     8 |     2 ||    10
         Constrict         |     2 |     1 ||     3
         Tentacles         |     2 |     1 ||     3
  Evoke: Wand              |     1 |       ||     1
    Use: Scroll            |     2 |       ||     2
         Potion            |     1 |       ||     1
 Armour: Skin              |     1 |       ||     1
  Dodge: Dodged            |     8 |     1 ||     9

Table legend: (Time is in decaauts)
 A = Elapsed time spent in this place.
 B = Non-inter-level travel time spent in this place.
 C = Inter-level travel time spent in this place.
 D = Time resting spent in this place.
 E = Time spent auto-exploring this place.
 F = Levels seen in this place.
 G = Mean time per level.
                   A        B        C        D        E       F      G
               +--------+--------+--------+--------+--------+-----+--------+
         Total |    379 |    379 |      0 |     40 |      0 |   1 |  379.0 |
       Dungeon |    379 |    379 |      0 |     40 |      0 |   1 |  379.0 |
               +--------+--------+--------+--------+--------+-----+--------+

Top non-repeatable levels by time:
     D:5: 379 daAuts
